[Event "Late-Titled-Tuesday-Blitz-April-02-2024"]
[Site "Chess.com"]
[Date "2024.04.02"]
[Round "4"]
[White "Andrei_Skvortsov"]
[Black "prochn"]
[Result "1-0"]
[WhiteElo "2666"]
[BlackElo "2526"]
[TimeControl "180+1"]
[EndTime "14:37:29 PDT"]
[Termination "Andrei_Skvortsov won on time"]

1. e4 c6 2. e5 d6 3. exd6 exd6 4.
d4 d5 5. Nf3 Nf6 6. Bd3 Be7 7. h3 O-O 8. O-O Re8 9. Re1 h6 10. Bf4 Nbd7 11. Nc3 Nf8 12. Qd2 Be6 13. Ne5 c5 14. Bb5 N8d7 15. Ng6 a6 16. Nxe7+ Rxe7 17. Bf1 c4 18. Bd6 Re8 19. Qf4 b5 20. a3 Qb6 21.
Rad1 a5 22. Bc7 Qc6 23. Qd6 Qb7 24. Qh2 b4 25. Nb1 Ne4 26. f3 Nef6 27. g4 Rec8 28. Bd6 Qb6 29. a4 b3 30. c3 Qc6 31. h4 Nh7 32. Bf4 Qxa4 33. g5 h5 34. g6 Nhf6 35.
Bg5 Qc6 36. gxf7+ Bxf7 37. Bh3 Re8 38. Qf4 a4 39. Bf5 a3 40. Nxa3 Rxe1+ 41. Rxe1 Re8 42. Qd2 Qa8 43. Nb5 Rxe1+ 44. Qxe1 Qe8 45. Qxe8+ Bxe8 46. Kf2 1-0

[Event "Late-Titled-Tuesday-Blitz-April-02-2024"]
[Site "Chess.com"]
[Date "2024.04.02"]
[Round "4"]
[White "GMKrikor"]
[Black "secretworker2027"]
[Result "1-0"]
[WhiteElo "2883"]
[BlackElo "2618"]
[TimeControl "180+1"]
[EndTime "14:37:30 PDT"]
[Termination "GMKrikor won on time"]

1. Nf3 Nf6 2. c4 c6 3. Nc3 d5 4. d4 a6 5. Qc2 g6 6. Bg5 Bg7 7. Bxf6 Bxf6 8. cxd5 O-O 9. e4 cxd5 10. e5 Bg7 11. h4 Nc6 12. h5 Bf5 13. Qd2 f6 14.
hxg6 fxe5 15. gxh7+ Kh8 16. dxe5 d4 17. Ne2 Nxe5 18.
Ng3 Nxf3+ 19. gxf3 Qd5 20. Bg2 Qe5+ 21. Kf1 Bg6 22.
Re1 Qb5+ 23. Kg1 d3 24. b3 Rac8 25. Rxe7 Rc2 26. Qe3 Qc5 27. Qxc5 Rxc5 28. Kh2 Rc2 29. Rd1 Rxf2 30. Kg1 Rxa2 31. Ne4 Bd4+ 32. Kh1 1-0

[Event "Late-Titled-Tuesday-Blitz-April-02-2024"]
[Site "Chess.com"]
[Date "2024.04.02"]
[Round "4"]
[White "egnfanclub"]
[Black "ozates"]
[Result "0-1"]
[WhiteElo "2376"]
[BlackElo "2557"]
[TimeControl "180+1"]
[EndTime "14:37:30 PDT"]
[Termination "ozates won by resignation"]

1. e4 e5 2. Nf3 Nc6 3. Bc4 Bc5 4. c3 Nf6 5. d4 exd4 6. b4 Bb6 7. e5 Ne4 8. Qe2 d5 9. exd6 O-O 10. O-O Nxd6 11. Bg5 Qe8 12. b5 Nxc4 13. Qxc4 Be6 14.
Qd3 Na5 15. Re1 Bc4 16. Qf5 Qxb5 17. Qxb5 Bxb5 18. cxd4 Bc6 19. Nbd2 Rfe8 20. Be3 f6 21.
Rac1 Bd5 22. a3 c6 23. Nh4 g6 24. Nhf3 Kf7 25. Nb1 Nc4 26. Nc3 Bxf3 27. gxf3 Nxa3 28. d5 Bxe3 29. fxe3 cxd5 30. Nxd5 Rac8 31. e4 Nc4 32.
Ra1 Ne5 33. Kf2 Nd3+ 34. Ke3 Nxe1 35. Rxe1 Rc5 36. Kd4 b6 37. Ra1 a5 38. Nxb6 Rb5 39. Nd5 Rc8 40. Ra4 Rc2 41. h4 g5 42. hxg5 fxg5 43.
Ke5 h5 44. Kf5 h4 45. Kg4 Rg2+ 46. Kf5 h3 47. Rc4 Rb7 48. Ne3 h2 49. Rc1 Rg1 0-1

[Event "Late-Titled-Tuesday-Blitz-April-02-2024"]
[Site "Chess.com"]
[Date "2024.04.02"]
[Round "4"]
[White "subham777"]
[Black "CarlosjPineror"]
[Result "1-0"]
[WhiteElo "2566"]
[BlackElo "2671"]
[TimeControl "180+1"]
[EndTime "14:37:31 PDT"]
[Termination "subham777 won by resignation"]

1. e4 c5 2. Nf3 e6 3. g3 Nc6 4. Bg2 e5 5. O-O g6 6. c3 Bg7 7. Na3 d6 8. d4 Bg4 9. Qb3 Na5 10. Qa4+ Bd7 11. Qd1 Ne7 12. Be3 b6 13. b4 cxb4 14.
cxb4 Nac6 15. b5 Na5 16. dxe5 dxe5 17. Qd6 Bg4 18. Qb4 O-O 19. Rfd1 Qc7 20. Rac1 Qb7 21. Qd6 Bxf3 22. Bxf3 Rac8 23. Rxc8 Nxc8 24. Qd7 h5 25.
Qxb7 Nxb7 26. Rd7 Na5 27. Bd2 Kh7 28. Bxa5 bxa5 29. Nc4 a4 30. Na5 Bh6 31. Nc6 Bd2 32.
Rxd2 Kh6 33. Rd7 f5 34. Rd8 Rxd8 35. Nxd8 Nd6 36. exf5 e4 37. Be2 gxf5 38. Nc6 a3 39. Nxa7 Kg5 40. b6 h4 41. Ba6 f4 42. gxf4+ Kxf4 43. Nb5 1-0

[Event "Late-Titled-Tuesday-Blitz-April-02-2024"]
[Site "Chess.com"]
[Date "2024.04.02"]
[Round "4"]
[White "ninguno46"]
[Black "Byniolus"]
[Result "1-0"]
[WhiteElo "2596"]
[BlackElo "2772"]
[TimeControl "180+1"]
[EndTime "14:37:33 PDT"]
[Termination "ninguno46 won on time"]

1. e4 d6 2. d4 Nf6 3. f3 Nbd7 4. c4 e5 5. Ne2 Be7 6. Nbc3 O-O 7. Be3 c6 8. d5 Nh5 9. Qd2 c5 10. g3 a6 11. a4 g6 12. Bg2 f5 13. Bh6 Ng7 14. exf5 gxf5 15. b3 Kh8 16. O-O Nf6 17. a5 Ng8 18.
Be3 Bd7 19. Na4 Bf6 20. Nb6 Rb8 21. Rab1 Be8 22. f4 e4 23. b4 cxb4 24. Qxb4 h5 25. c5 Bb5 26. Rf2 Nh6 27. Bh3 dxc5 28. Bxc5 Rf7 29. Nd4 Bd3 30. Re1 Ng4 31. Bxg4 fxg4 32. f5 Kh7 33. Ne6 Qe8 34. Bd4 Be7 35. d6 Bf8 36.
Ng5+ Kh8 37. Nxf7+ Qxf7 38. Qc5 Rd8 39. Qc7 Kg8 40.
Qxd8 Qb3 41. Nd7 1-0

[Event "Late-Titled-Tuesday-Blitz-April-02-2024"]
[Site "Chess.com"]
[Date "2024.04.02"]
[Round "4"]
[White "Bryanl106"]
[Black "zverr1"]
[Result "1-0"]
[WhiteElo "2677"]
[BlackElo "2545"]
[TimeControl "180+1"]
[EndTime "14:37:33 PDT"]
[Termination "Bryanl106 won by checkmate"]

1. e4 c5 2. Nf3 Nc6 3. d4 cxd4 4. Nxd4 g6 5. c4 Nf6 6. Nc3 Nxd4 7. Qxd4 d6 8. f3 Bg7 9. Be3 O-O 10. Qd2 Be6 11. Be2 Rc8 12. b3 d5 13. e5 Nd7 14.
cxd5 Nxe5 15. Rc1 Qa5 16. dxe6 Nxf3+ 17. Bxf3 Bxc3 18. Rxc3 Qxc3 19. Qxc3 Rxc3 20. exf7+ Rxf7 21. Kd2 Rc8 22. Rc1 Rxc1 23. Kxc1 e6 24. Kd2 a6 25.
Kd3 Rc7 26. Bf4 Rd7+ 27. Kc3 Kf7 28. Be5 h5 29. h4 b5 30. a4 bxa4 31. bxa4 Rd8 32.
a5 Rc8+ 33. Kb4 Rc1 34. Bc3 Ke7 35. Kc4 Kf7 36. Bb7 Rc2 37. Bxa6 Rxg2 38. Bb7 Ra2 39. a6 g5 40. hxg5 Kg6 41. Kb5 Rxa6 42. Kxa6 Kxg5 43. Kb5 Kf4 44. Kc4 h4 45. Kd3 Kg3 46. Ke2 h3 47. Kf1 e5 48. Bxe5+ Kg4 49. Bh2 Kf5 50. Kf2 Ke6 51.
Kg3 Kf5 52. Bh1 Ke6 53. Kxh3 Kf5 54. Bg2 Ke6 55. Kg3 Kf5 56. Kf3 Ke6 57. Bh3+ Kd5 58.
Bf4 Kd4 59. Bf5 Kd5 60. Ke3 Kc4 61. Be4 Kc5 62. Kd3 Kb5 63. Be3 Kb4 64. Bc6 Kb3 65.
Bc5 Kb2 66. Ba4 Ka2 67. Kc2 Ka1 68. Bb5 Ka2 69. Bc4+ Ka1 70. Bd4# 1-0

[Event "Late-Titled-Tuesday-Blitz-April-02-2024"]
[Site "Chess.com"]
[Date "2024.04.02"]
[Round "4"]
[White "Koksal06"]
[Black "TigrVShlyape"]
[Result "1/2-1/2"]
[WhiteElo "2649"]
[BlackElo "2948"]
[TimeControl "180+1"]
[EndTime "14:37:36 PDT"]
[Termination "Game drawn by repetition"]

1. c4 e5 2. Nc3 Nc6 3. Nf3 Nf6 4. e3 Bb4 5. Qc2 Bxc3 6. Qxc3 Qe7 7. Be2 O-O 8. O-O d5 9. d4 exd4 10. Nxd4 Nxd4 11.
Qxd4 c5 12. Qh4 dxc4 13. Bxc4 Be6 14. b3 Bxc4 15. Qxc4 Rfd8 16. Bb2 Ne4 17. Rfd1 b6 18. f3 Ng5 19. e4 Ne6 20. Rd5 Nf4 21. Rf5 Ne6 22.
Rd5 Nc7 23. Qc3 f6 24. Rdd1 Qe6 25. Qe3 Nd5 26. Qe2 Nb4 27. Bc3 Nc6 28. g3 f5 29.
e5 Rxd1+ 30. Rxd1 Rd8 31. Kg2 Kf7 32. Rxd8 Nxd8 33. Qa6 Qd7 34. Qc4+ Ne6 35. f4 b5 36.
Qe2 g6 37. Kh3 a6 38. Qf3 h5 39. Qa8 Qd3 40. Qb7+ Kf8 41. Qc8+ Ke7 42. Qb7+ Kf8 43.
Qc8+ Ke7 44. Qb7+ Kf8 1/2-1/2

[Event "Late-Titled-Tuesday-Blitz-April-02-2024"]
[Site "Chess.com"]
[Date "2024.04.02"]
[Round "4"]
[White "SultaiC"]
[Black "Vahe_Danielyan"]
[Result "1-0"]
[WhiteElo "2523"]
[BlackElo "2644"]
[TimeControl "180+1"]
[EndTime "14:37:36 PDT"]
[Termination "SultaiC won by resignation"]

1. e4 e6 2. e5 d5 3. exd6 cxd6 4. d4 Nf6 5. Bd3 b6 6. Qf3 d5 7. c3 Bd6 8. Bg5 Ba6 9. Bxa6 Nxa6 10. Bxf6 Qxf6 11. Qxf6 gxf6 12. Nd2 Ke7 13. Ngf3 b5 14. a3 Nb8 15. b4 Nd7 16. Nb3 Nb6 17. Nc5 Nc4 18. Nd2 Nb6 19. Ndb3 h5 20. h4 Nc4 21.
g3 a5 22. Ke2 a4 23. Nd2 Nb6 24. Rhe1 Rhg8 25. Kd3 Bxc5 26. bxc5 Nc4 27. Reb1 Rab8 28. Rb4 Kd7 29. Ke2 Kc6 30. Nxc4 dxc4 31. Kf3 Rg4 32. Rab1 e5 33. Rxc4 Rd8 34. Rcb4 exd4 35. cxd4 Rdxd4 36. Rxb5 Rd3+ 37. Kg2 Rxa3 38. Ra5 Rb3 39. Rc1 a3 40. Ra6+ Kb5 41. Rb6+ Ka4 42. Rxf6 Rg8 43. c6 a2 44. c7 Rb1 45. Ra6+ Kb3 46. Rb6+ Ka3 47. Rcxb1 axb1=Q 48.
Rxb1 Rc8 49. Rc1 Kb2 50. Rc5 Kb3 51. Kf3 Kb4 52. Rc1 Kb5 53. Kf4 Kb6 54. Kg5 Kb7 55.
Kxh5 Rh8+ 56. Kg5 Kc8 57. h5 Rg8+ 58. Kf6 Rh8 59. g4 Rg8 60. g5 Rh8 61. h6 Rh7 62. f4 Rh8 63. f5 Rh7 64. g6 fxg6 65. fxg6 Rxh6 66. Kg5 Rh2 67. Rg1 Rg2+ 68. Rxg2 1-0

[Event "Late-Titled-Tuesday-Blitz-April-02-2024"]
[Site "Chess.com"]
[Date "2024.04.02"]
[Round "4"]
[White "Valiyev_Shahin"]
[Black "ProfessorChess101"]
[Result "0-1"]
[WhiteElo "2391"]
[BlackElo "2777"]
[TimeControl "180+1"]
[EndTime "14:37:36 PDT"]
[Termination "ProfessorChess101 won on time"]

1. e4 c5 2. Nf3 a6 3. c4 e6 4. Nc3 Nc6 5. g3 Nf6 6. Bg2 d6 7. O-O Qb6 8. b3 Be7 9. Bb2 O-O 10. d4 Nxd4 11. Nxd4 cxd4 12. Na4 Qc7 13. Qxd4 b5 14. cxb5 axb5 15. Rfc1 Qa5 16. Nb6 e5 17. Qe3 Ng4 18. Nxc8 Nxe3 19. Nxe7+ Kh8 20. fxe3 Qd2 21. Bc3 Qxe3+ 22. Kh1 Rxa2 23. Nd5 Qe2 24. Rxa2 Qxa2 25. Bb4 Rd8 26. h4 Qxb3 27. Kh2 h6 28.
Rc7 Kg8 29. Ne7+ Kh7 30. Nd5 Ra8 31. Rxf7 Ra2 32. h5 Kg8 33. Rf1 Qc2 34. Rg1 Qxe4 0-1

[Event "Late-Titled-Tuesday-Blitz-April-02-2024"]
[Site "Chess.com"]
[Date "2024.04.02"]
[Round "4"]
[White "Defend1r"]
[Black "AryanTari"]
[Result "0-1"]
[WhiteElo "2659"]
[BlackElo "2966"]
[TimeControl "180+1"]
[EndTime "14:37:37 PDT"]
[Termination "AryanTari won by checkmate"]

1. e4 e5 2. Nf3 Nc6 3. Bc4 Nf6 4.
d4 exd4 5. e5 Ne4 6. Qe2 Nc5 7.
O-O Ne6 8. Bxe6 dxe6 9. Rd1 b6 10. Nc3 Bb7 11. Nb5 Bc5 12. Bg5 Qd7 13. c3 h6 14.
Be3 O-O-O 15. cxd4 Be7 16. a3 Kb8 17. Nc3 Na5 18.
b4 Qc6 19. Rac1 Nb3 20. Rc2 Qd7 21. Qc4 f6 22. Qxb3 g5 23. Rcd2 g4 24. Ne1 f5 25.
d5 exd5 26. Nxd5 Qe6 27. Qa2 Bg5 28. Bxg5 hxg5 29. Qc4 Qxe5 30. Ne3 Qxh2+ 31. Kf1 Rxd2 32. Rxd2 g3 33. fxg3 Re8 34. Qd4 f4 35. gxf4 gxf4 36. Ng4 Qh1+ 37. Kf2 Qxe1# 0-1

[Event "Late-Titled-Tuesday-Blitz-April-02-2024"]
[Site "Chess.com"]
[Date "2024.04.02"]
[Round "4"]
[White "Revan_2002"]
[Black "GMBenjaminBok"]
[Result "0-1"]
[WhiteElo "2736"]
[BlackElo "3012"]
[TimeControl "180+1"]
[EndTime "14:37:37 PDT"]
[Termination "GMBenjaminBok won by resignation"]

1. d4 Nf6 2. c4 e6 3. Nf3 b6 4.
a3 Bb7 5. Nc3 d5 6. cxd5 Nxd5 7.
Qc2 Nxc3 8. bxc3 Nd7 9. e4 c5 10. Bf4 Be7 11. d5 exd5 12. exd5 O-O 13. Rd1 Re8 14. Be2 c4 15. O-O b5 16. a4 a6 17.
axb5 axb5 18. Nd4 Qb6 19. Rb1 b4 20. Bxc4 Rec8 21. Nf5 Bf8 22. Qd3 Qf6 23. cxb4 Rxc4 24. Qxc4 Qxf5 25. Rfd1 Nf6 26. Bg3 Bxd5 27. Qf4 Qg6 28.
b5 h5 29. Ra1 Rxa1 30. Rxa1 Kh7 31. b6 Bc5 32. Qe5 Bxb6 33. Rd1 Bxf2+ 34. Kxf2 Ng4+ 35.
Ke1 Nxe5 36. Rxd5 Qe4+ 0-1

[Event "Late-Titled-Tuesday-Blitz-April-02-2024"]
[Site "Chess.com"]
[Date "2024.04.02"]
[Round "4"]
[White "Hrant_ChessMood"]
[Black "GP9isback23"]
[Result "1-0"]
[WhiteElo "2935"]
[BlackElo "2635"]
[TimeControl "180+1"]
[EndTime "14:37:39 PDT"]
[Termination "Hrant_ChessMood won on time"]

1. Nf3 d5 2. d4 Nf6 3. c4 e6 4. Nc3 Be7 5. Bf4 O-O 6. e3 c6 7.
Rc1 Nbd7 8. h3 dxc4 9. Bxc4 b5 10. Bd3 Bb7 11. O-O a6 12. Ne4 Nd5 13. Bd6 Rc8 14.
Bxe7 Qxe7 15. Nc5 Nxc5 16. Rxc5 Nb6 17. Ng5 h6 18. Ne4 f5 19. Nd2 Nd7 20. Nb3 Nxc5 21. Nxc5 Rcd8 22. f4 Bc8 23. b4 Kh8 24. Qb3 Rfe8 25.
Qc3 Qd6 26. Bc2 Re7 27. Nd3 Kh7 28. Ne5 Bb7 29. Rc1 Rc7 30. a4 g6 31. Bb3 Rdc8 32. Qd2 Re8 33. Rc5 Ree7 34. Qc3 Rg7 35. Nf3 Rg8 36. h4 Re8 37. Ne5 h5 38. Nf3 Rec8 39.
Re5 Re8 40. Ng5+ Kh6 41. Bxe6 Ree7 42. Bb3 Bc8 43. d5 cxd5 44. Rxe7 1-0

[Event "Late-Titled-Tuesday-Blitz-April-02-2024"]
[Site "Chess.com"]
[Date "2024.04.02"]
[Round "4"]
[White "Felix-Rose"]
[Black "Viktoker"]
[Result "0-1"]
[WhiteElo "2332"]
[BlackElo "2509"]
[TimeControl "180+1"]
[EndTime "14:37:39 PDT"]
[Termination "Viktoker won by checkmate"]

1. e4 c6 2. d4 d5 3. e5 Bf5 4. h4 h5 5. Bd3 Bxd3 6. Qxd3 e6 7.
Bg5 Be7 8. Nf3 Qb6 9. Nbd2 c5 10.
c4 Nc6 11. O-O Rd8 12. cxd5 Nb4 13. Qe2 Rxd5 14. Bxe7 Nxe7 15. Nc4 Qa6 16. Rfe1 Nf5 17. dxc5 O-O 18. Ng5 g6 19. Ne4 Kg7 20. a3 Nc6 21. b4 Ncd4 22. Qd3 Qa4 23. Nb2 Qc2 24. Rab1 Rfd8 25.
Qxc2 Nxc2 26. Re2 Nxa3 27. Ra1 Nb5 28. g3 a6 29. Kg2 Nbd4 30. Ree1 Nc2 31. Nd6 Nxa1 32.
Rxa1 Nxd6 33. exd6 e5 34. Nc4 Rd4 35. Rc1 e4 36.
Kf1 f5 37. Ke2 Rd3 38. Ne3 Kf6 39. Rd1 Rb3 40. Nd5+ Ke5 41. Nc7 Rxb4 42. Rd5+ Kf6 43. Ke3 Rb3+ 44. Kf4 Rf3# 0-1

[Event "Late-Titled-Tuesday-Blitz-April-02-2024"]
[Site "Chess.com"]
[Date "2024.04.02"]
[Round "4"]
[White "Juicy_Fork"]
[Black "JoakimVonAnd"]
[Result "0-1"]
[WhiteElo "2552"]
[BlackElo "2699"]
[TimeControl "180+1"]
[EndTime "14:37:40 PDT"]
[Termination "JoakimVonAnd won on time"]

1. e4 c6 2. d4 d5 3. f3 e6 4.
Nc3 Bb4 5. Bd2 Nf6 6. e5 Nfd7 7. a3 Ba5 8. f4 c5 9. Nf3 cxd4 10. Nxd4 Nc6 11. Ncb5 O-O 12. Bd3 a6 13. Nxc6 bxc6 14.
Nd6 Bxd2+ 15. Qxd2 f6 16. Qe3 fxe5 17. fxe5 Qh4+ 18.
g3 Qh5 19. Nxc8 Rfxc8 20. O-O Qxe5 21. Qf3 Nf6 22. Rae1 Qd4+ 23. Kh1 Re8 24. c3 Qb6 25. Qe2 e5 26. Rxf6 gxf6 27. Qg4+ Kh8 28. Qh4 Qc7 29. Qxf6+ Qg7 30. Qxc6 e4 31. Bf1 Qf7 32. Bg2 Qe6 33.
Qc5 Rf8 34. c4 Rac8 35. Qd4+ Qf6 36. Qxd5 Qxb2 37. Bxe4 Qc3 38. Rd1 Rcd8 39. Qh5 Rxd1+ 40. Qxd1 Qxc4 41. Bd3 Qd5+ 42. Kg1 Qd4+ 43. Kh1 Rd8 0-1

[Event "Late-Titled-Tuesday-Blitz-April-02-2024"]
[Site "Chess.com"]
[Date "2024.04.02"]
[Round "4"]
[White "CatLoverPL"]
[Black "chucksterf10"]
[Result "0-1"]
[WhiteElo "2504"]
[BlackElo "2657"]
[TimeControl "180+1"]
[EndTime "14:37:40 PDT"]
[Termination "chucksterf10 won by resignation"]

1. g3 e5 2. Bg2 Bc5 3. c4 Nf6 4. d3 O-O 5. Nf3 Re8 6. O-O c6 7. Nc3 d5 8. cxd5 cxd5 9. Bg5 d4 10.
Bxf6 Qxf6 11. Ne4 Qb6 12. Nxc5 Qxc5 13. Rc1 Qe7 14. Nd2 Nc6 15. Qa4 Bd7 16. Ne4 Nb4 17.
Qa3 a5 18. Nc5 Bc6 19. Bxc6 bxc6 20. Rc4 Reb8 21. Rfc1 Rb5 22. Qa4 h5 23. a3 Nd5 24.
Ne4 Nb6 25. Qc2 Nxc4 26. Qxc4 Rxb2 27. Qxc6 Rab8 28. Kf1 h4 29. Qa4 h3 30. Qxa5 Rb1 31.
Qe1 Qb7 32. f3 Rxc1 33. Qxc1 Qb1 34. Qxb1 Rxb1+ 35. Kf2 Rh1 36. g4 Rxh2+ 37. Kf1 Rh1+ 38. Kf2 g6 39. a4 f5 40. gxf5 gxf5 41. Nf6+ Kf7 42.
Nd7 f4 43. Nxe5+ Ke6 44. Ng4 Ra1 45. Nh2 Kf5 46. Nf1 Kg5 47. Nd2 h2 48. Kg2 h1=Q+ 0-1

[Event "Late-Titled-Tuesday-Blitz-April-02-2024"]
[Site "Chess.com"]
[Date "2024.04.02"]
[Round "4"]
[White "UK_23"]
[Black "GoltsevDmitry2000"]
[Result "0-1"]
[WhiteElo "2401"]
[BlackElo "2793"]
[TimeControl "180+1"]
[EndTime "14:37:40 PDT"]
[Termination "GoltsevDmitry2000 won on time"]

1. e4 e6 2. d4 d5 3. e5 c5 4. c3 Nc6 5. Nf3 cxd4 6. cxd4 Nge7 7. Na3 Nf5 8. Nc2 h5 9. Bd3 Be7 10. Bxf5 exf5 11. O-O g5 12. Nfe1 f4 13. Nd3 Bf5 14.
Re1 h4 15. h3 Qb6 16. Nc5 Bxc5 17. dxc5 Qxc5 18. Na3 O-O-O 19. Bd2 Kb8 20. Rc1 Qb6 21. Qa4 f3 22. Bxg5 Rdg8 23. Qf4 Be6 24. Rc3 Rh5 25. Bxh4 Rxg2+ 26. Kf1 Qa6+ 27. Nc4 dxc4 28. Qxf3 Rxh4 29. Qxg2 Qb5 30. Qg8+ Kc7 31. Qg5 Rxh3 32. Rxh3 Bxh3+ 33. Kg1 Be6 34. Qf6 Qxb2 35. Qf4 c3 36. Qc1 Qxc1 37. Rxc1 Nd4 38. Rxc3+ Kb6 39. Re3 Kc5 40. f4 Bxa2 41. Kf2 Be6 42. Rc3+ Kd5 43. Rc7 b5 44. Rxa7 b4 45.
Ra5+ Kc4 46. Ke3 Nb5 47. Kd2 Nc3 48. Ra7 Nb5 49. Ra6 b3 50. Rc6+ Kb4 51. Kc1 Nd4 52. Rb6+ Kc3 0-1

[Event "Late-Titled-Tuesday-Blitz-April-02-2024"]
[Site "Chess.com"]
[Date "2024.04.02"]
[Round "4"]
[White "Akhayan"]
[Black "dodorox"]
[Result "1-0"]
[WhiteElo "2451"]
[BlackElo "2203"]
[TimeControl "180+1"]
[EndTime "14:37:41 PDT"]
[Termination "Akhayan won on time"]

1. e4 e6 2. d4 d5 3. Nc3 Nf6 4. e5 Nfd7 5. f4 c5 6. Nf3 Nc6 7. Be3 Qb6 8. Na4 Qa5+ 9. c3 c4 10. b4 Nxb4 11. cxb4 Bxb4+ 12. Bd2 b5 13. Nc5 c3 14.
Nb3 cxd2+ 15. Kf2 Qb6 16. Bd3 a5 17. Nbxd2 Bc3 18. g3 Bxd4+ 19. Nxd4 Qxd4+ 20. Ke2 Ba6 21. Nf3 Qb6 22. Ng5 b4 23. Bxa6 Qxa6+ 24. Kf2 Nc5 25. Kg2 h6 26. Nf3 O-O 27. Nd4 Ne4 28. f5 exf5 29.
Nxf5 Qe6 30. Rf1 Nc3 31. Qg4 g5 32. h4 Ne4 33. hxg5 hxg5 34. Rae1 Qxe5 35. Nh6+ Kg7 36.
Nf5+ Kg8 37. Qh5 Ra6 38. Rh1 Qb2+ 39. Re2 1-0

[Event "Late-Titled-Tuesday-Blitz-April-02-2024"]
[Site "Chess.com"]
[Date "2024.04.02"]
[Round "4"]
[White "carloseduar100"]
[Black "Walter_White_Poland"]
[Result "1-0"]
[WhiteElo "2214"]
[BlackElo "2429"]
[TimeControl "180+1"]
[EndTime "14:37:41 PDT"]
[Termination "carloseduar100 won by checkmate"]

1. g3 g6 2. Bg2 Bg7 3. Nf3 d6 4. O-O e5 5. d4 e4 6. Ne1 d5 7. e3 Nf6 8. c4 c6 9. Nc3 a6 10. cxd5 cxd5 11. Qb3 b5 12. Nc2 O-O 13. a4 bxa4 14. Rxa4 Nc6 15. Nb4 Nxb4 16. Rxb4 Be6 17.
Bd2 Qd6 18. Ra1 Rfb8 19. Na4 h5 20. Nc5 Bc8 21. Bf1 h4 22. Rxb8 Rxb8 23. Bb4 Ng4 24. Nxa6 Qf6 25. Qc2 Bxa6 26. Rxa6 Qf5 27. Bd6 Rc8 28.
Qe2 Rc1 29. h3 Nh6 30. g4 Qc8 31. Ra3 Rc2 32. Rc3 Rxc3 33. bxc3 Qxc3 34. Qb5 Kh7 35. Qxd5 Qe1 36. Qxe4 f5 37. Qe7 Ng8 38. Qf7 Kh6 39. Bf4+ g5 40. gxf5 gxf4 41. Qg6# 1-0

[Event "Late-Titled-Tuesday-Blitz-April-02-2024"]
[Site "Chess.com"]
[Date "2024.04.02"]
[Round "4"]
[White "slorovel"]
[Black "Iball95"]
[Result "0-1"]
[WhiteElo "2634"]
[BlackElo "2920"]
[TimeControl "180+1"]
[EndTime "14:37:43 PDT"]
[Termination "Iball95 won by resignation"]

1. e4 c5 2. Nf3 e6 3. c4 Nc6 4. Be2 Nf6 5. Nc3 d5 6. exd5 exd5 7. d4 cxd4 8. Nxd4 Bc5 9. Nb3 Bb4 10. O-O Bxc3 11. bxc3 O-O 12. Bg5 dxc4 13. Bxc4 Qxd1 14. Raxd1 Ne4 15. Bd2 Bf5 16. Be1 Rfd8 17. Rxd8+ Rxd8 18. f3 Nd6 19. Be2 Be6 20. Bf2 b6 21. Rd1 f6 22.
Rd2 Kf7 23. Bg3 Ke7 24. Kf2 Nf5 25. Bf4 g5 26. Rxd8 Nxd8 27. Bd2 Nc6 28. Bd3 h5 29. Bc2 Nd6 30. Bb1 Nc4 31. Bc1 a5 32. Nd4 Nxd4 33. cxd4 Bd5 34. Be4 Ke6 35. Ke2 b5 36.
Bd3 Nd6 37. a3 Bc4 38. Bd2 Bxd3+ 39. Kxd3 Nc4 40. Bc3 Kd5 41. g3 g4 42. f4 f5 43.
Be1 Nxa3 44. Bxa5 Nc4 45. Be1 Nd6 46. Bb4 Nf7 47. Bd2 Nh8 48. Bb4 Ng6 49. Be1 Kd6 50.
Bb4+ Kc6 51. Be1 Kd5 52. Bb4 h4 53. Be1 h3 54. Bb4 Nh8 55. Be1 Nf7 56. Bb4 Nd8 57. Bd2 Ne6 58. Be3 Nc7 59. Bd2 Ne8 60. Bb4 Nd6 61. Be1 Ne4 62. Bb4 Nxg3 0-1

[Event "Late-Titled-Tuesday-Blitz-April-02-2024"]
[Site "Chess.com"]
[Date "2024.04.02"]
[Round "4"]
[White "BabageldiAnnaberdiyev"]
[Black "ViIIagra"]
[Result "0-1"]
[WhiteElo "2599"]
[BlackElo "2897"]
[TimeControl "180+1"]
[EndTime "14:37:43 PDT"]
[Termination "ViIIagra won by resignation"]

1. e4 d6 2. d4 Nf6 3. Nc3 e5 4. Nf3 Nbd7 5. Bc4 Be7 6. O-O O-O 7. Re1 c6 8. a4 h6 9. h3 Re8 10. Be3 Bf8 11. d5 Nb6 12. Bb3 cxd5 13. Bxb6 Qxb6 14.
a5 Qc7 15. Nxd5 Nxd5 16. Bxd5 Rb8 17. c3 g6 18. Nh2 h5 19. Qd2 Kh7 20. Nf3 Bh6 21.
Ng5+ Kg7 22. f4 exf4 23. Nxf7 g5 24. Nxh6 Kxh6 25. h4 Bg4 26. hxg5+ Kxg5 27. Rf1 Qc5+ 28.
Rf2 Qe3 29. Re1 Qxd2 30. Rxd2 b6 31. a6 Re5 32. Rf1 Rf8 33. Rdf2 Rf6 34. c4 h4 35. Kh2 Re7 36. b4 Re8 37. b5 Ref8 38. Rg1 Rh8 39. Rgf1 h3 40. g3 fxg3+ 41. Kxg3 Rxf2 42. Rxf2 h2 43. Rxh2 Rxh2 44. Kxh2 Kf4 45. Bc6 Be6 46. Kg2 Bxc4 47. Kf2 Bd3 48. Ke1 Ke3 49. Kd1 Bxe4 50.
Kc1 d5 51. Kd1 d4 52. Ke1 Bc2 0-1

[Event "Late-Titled-Tuesday-Blitz-April-02-2024"]
[Site "Chess.com"]
[Date "2024.04.02"]
[Round "4"]
[White "xasid81"]
[Black "DinaBelenkaya"]
[Result "1-0"]
[WhiteElo "2631"]
[BlackElo "2457"]
[TimeControl "180+1"]
[EndTime "14:37:43 PDT"]
[Termination "xasid81 won by resignation"]

1. Nf3 d5 2. d4 Nf6 3. g3 c6 4.
Bg2 Bg4 5. O-O Nbd7 6. b3 e6 7. Bb2 Be7 8. Nbd2 a5 9. a3 a4 10. b4 Nb6 11. Ne5 Bf5 12. c4 dxc4 13. Ndxc4 Nxc4 14. Nxc4 O-O 15. Ne5 Be4 16. f3 Bd5 17.
Qd3 Bb3 18. Rac1 Qb6 19. Kh1 Rfd8 20. e4 Ne8 21. Qe3 Bf6 22. f4 Nd6 23. Qf3 Nb5 24.
Qf2 Qa7 25. Rc5 Be7 26. h4 Bxc5 27. dxc5 f6 28. Ng4 Rd3 29. Nxf6+ gxf6 30. Bxf6 Kf7 31.
f5 e5 32. Bxe5 Nc3 33. Qf4 Ne2 34. Qg5 Rg8 35. Qh5+ Kf8 36. Qxe2 Bc4 37. Qh5 b5 38. Bd6+ Rxd6 39. cxd6 Rxg3 40. Qh6+ Kg8 41. Qf4 Bxf1 42. Qxg3+ Kf7 43. Bxf1 Qd4 44. e5 Qe4+ 45. Bg2 Qb1+ 46.
Kh2 Qxf5 47. Qf3 Qxf3 48. Bxf3 Ke6 49. Bxc6 1-0

[Event "Late-Titled-Tuesday-Blitz-April-02-2024"]
[Site "Chess.com"]
[Date "2024.04.02"]
[Round "4"]
[White "stollenmonster"]
[Black "SpeedofLight0"]
[Result "0-1"]
[WhiteElo "2850"]
[BlackElo "3058"]
[TimeControl "180+1"]
[EndTime "14:37:46 PDT"]
[Termination "SpeedofLight0 won on time"]

1. e4 Nc6 2. Nc3 d6 3. g3 Bd7 4. Bg2 g6 5. Nge2 Qc8 6. h3 h5 7. d4 Bg7 8. Be3 e5 9. Qd2 Nf6 10. Nd5 Nxd5 11. exd5 Ne7 12. dxe5 dxe5 13. Bc5 Nf5 14.
O-O-O b6 15. Ba3 Nd6 16. f4 Nc4 17. Qc3 Nxa3 18. Qxa3 Bf8 19. Qc3 Bg7 20. Qa3 Qd8 21. fxe5 Bxe5 22. Rhe1 Bd6 23. Nf4+ Kf8 24. Qc3 Rh6 25.
Ne6+ Bxe6 26. dxe6 Qg5+ 27. Kb1 Re8 28. exf7 Re5 29.
Rxe5 Qxe5 30. Qc6 Kxf7 31. Rf1+ Kg7 32. Bd5 Rh8 33. a3 Qxg3 34. Qd7+ Kh6 35. Be4 Rf8 36. Rxf8 Bxf8 37. Qf7 Bg7 38. Bd3 Qd6 39. Kc1 Bd4 40. c3 Bxc3 41. Kc2 Be5 42. b4 Qf6 43. Qg8 Qc6+ 0-1

[Event "Late-Titled-Tuesday-Blitz-April-02-2024"]
[Site "Chess.com"]
[Date "2024.04.02"]
[Round "4"]
[White "WindWhistler11"]
[Black "Mackster23"]
[Result "0-1"]
[WhiteElo "2447"]
[BlackElo "2628"]
[TimeControl "180+1"]
[EndTime "14:37:46 PDT"]
[Termination "Mackster23 won by resignation"]

1. Nf3 d5 2. c4 e6 3. g3 Nf6 4.
Bg2 d4 5. e3 Nc6 6. O-O e5 7.
exd4 e4 8. Ne5 Nxd4 9. Re1 Bd6 10. Nf3 Bg4 11. Qa4+ Bd7 12. Qd1 Ne6 13. Nh4 O-O 14. d4 exd3 15. Qxd3 Re8 16. Be3 Nc5 17. Qc2 Nce4 18.
Nc3 Bc6 19. Nf5 Bb4 20. Red1 Qc8 21. Bh3 Qb8 22. Nd5 Bxd5 23. cxd5 Nd6 24. Rac1 Nxf5 25. Bxf5 Bd6 26. Bd4 Nd7 27. Bxh7+ Kf8 28. Bd3 Ne5 29. Be4 Ng4 30. Qe2 Nf6 31. Bxf6 gxf6 32. Qg4 Qc8 33. Bf5 Qd8 34. Re1 Re5 35. Qh5 Ke7 36. Rxe5+ Bxe5 37. f4 Bd4+ 38. Kf1 Qxd5 39. Re1+ Kd6 40.
Qg4 Qh1+ 41. Ke2 Re8+ 0-1